 Dungeon Crawl Stone Soup version 0.27-a0-1334-g2746e35aca (webtiles) character file.

Game seed: 7296133592373325966

32 sokol815 the Chiller (level 3, 0/21 HPs)
             Began as an Octopode Ice Elementalist on June 26, 2021.
             Succumbed to a kobold's poison
             ... on level 1 of the Dungeon.
             The game lasted 00:03:35 (1684 turns).

sokol815 the Chiller (Octopode Ice Elementalist)    Turns: 1684, Time: 00:03:35

Health: 0/21       AC:  1    Str:  7    XL:     3   Next: 25%
Magic:  4/6        EV: 13    Int: 17    God:
Gold:   47         SH:  0    Dex: 13    Spells: 5/6 levels left

rFire    . . .     SeeInvis .   a - +0 dagger
rCold    . . .     Faith    .   (no shield)
rNeg     . . .     Spirit   .   (helmet restricted)
rPois    .         Reflect  .   (no amulet)
rElec    .         Harm     .   (no ring)
rCorr    .         Rampage  .   (no ring)
Will     .....                  (no ring)
Stlth    +++.......             (no ring)
HPRegen  0.07/turn              (no ring)
MPRegen  0.10/turn              (no ring)
                                (no ring)
                                (no ring)

@: lethally poisoned (0 -> -1)
A: almost no armour, amphibious, 8 rings, camouflage 1, gelatinous body 1,
(nimble swimmer 1), tentacles
a: no special abilities


You were on level 1 of the Dungeon.
You visited 1 branch of the dungeon, and saw 2 of its levels.

You collected 47 gold pieces.

Inventory:

Hand Weapons
 a - a +0 dagger (weapon)
   (You found it on level 2 of the Dungeon)
 c - a +0 short sword
   (You took it off a kobold on level 1 of the Dungeon)
Missiles
 d - 66 arrows
 e - 14 bolts
 s - 45 stones
Scrolls
 b - a scroll of blinking {unknown}
 f - a scroll of immolation {unknown}


   Skills:
 - Level 2.0 Dodging
 - Level 2.6 Stealth
 - Level 2.0 Spellcasting
 + Level 5.0 Ice Magic


You had 5 spell levels left.
You knew the following spells:

 Your Spells              Type           Power      Damage    Failure   Level
a - Freeze                Ice            72%        1d9       2%          1

Your spell library contained the following spells:

 Spells                   Type           Power      Damage    Failure   Level
 Frozen Ramparts          Ice            36%        1d5       8%          3
 Ozocubu's Armour         Ice            18%        N/A       8%          3
 Hailstorm                Conj/Ice       10%        3d5       56%         4
 Metabolic Englaciation   Hex/Ice        5%         N/A       88%         5


Dungeon Overview and Level Annotations

Branches:
Dungeon (2/15)

Altars:
Kikubaaqudgha

Shops:
D:1 [


Innate Abilities, Weirdness & Mutations

You cannot wear most types of armour.
You are amphibious.
You can wear up to eight rings at the same time.
Your skin changes colour to match your surroundings (Stealth+).
Your rubbery body absorbs attacks. (AC +1, EV +1)
((You are camouflaged near water. (Stealth+)))
You have tentacles for arms and can constrict up to eight enemies at once.


Message History

You start resting.
A dart slug is nearby!
Aim: a dart slug You freeze the dart slug.
You now have 4/6 mp.
You hit the dart slug. You grab the dart slug. You constrict the dart slug.
The dart slug launches a dart at you. The slug dart misses you.
Aim: a dart slug (severely wounded, constricted by you)
You freeze the dart slug.
You kill the dart slug!
You now have 3/6 mp.
You start resting.
Health restored: 21; MP restored: 6 You see here a dart slug corpse.
You see here a hobgoblin corpse.
s - 45 stones (gained 5)
You see here a +0 short sword.
A giant cockroach comes into view.
c - a +0 dagger (weapon)
Adjust to which letter? (? for menu, Esc to quit)
a - a +0 dagger (weapon);
c - a +0 short sword No target in view!
A giant cockroach is nearby!
No target in view!
A giant cockroach is nearby!
You hit the giant cockroach. Your grab misses the giant cockroach.
The giant cockroach barely misses you.
Aim: a giant cockroach (heavily wounded)
You freeze the giant cockroach.
You kill the giant cockroach!
Your Ice Magic skill increases to level 5!
You now have 5/6 mp.
e - 14 bolts You open the door.
An endoplasm comes into view.
MP restored: 6 An endoplasm is nearby!
A quokka comes into view.
The endoplasm quivers.
Aim: an endoplasm You freeze the endoplasm.
The endoplasm freezes you.
You are frozen.
You take 2 damage, and have 19/21 hp.
You now have 5/6 mp.
Aim: an endoplasm (severely wounded)
You freeze the endoplasm!
You kill the endoplasm!
You now have 4/6 mp.
The quokka bites you but does no damage.
You closely miss the quokka. You grab the quokka.
You constrict the quokka, but do no damage.
The quokka closely misses you. The quokka bites you.
You take 4 damage, and have 15/21 hp.
You hit the quokka. You constrict the quokka. The quokka barely misses you.
Aim: a quokka (severely wounded, constricted by you)
You freeze the quokka.
You kill the quokka!
You now have 3/6 mp.
You start resting.
Health restored: 21; MP restored: 6
f - a scroll labelled WUOPLU DAW US FEGO A jackal is nearby!
The kobold shouts!
You hear a bark!
Found a stone staircase leading down.
Aim: a kobold, wielding a +1 short sword of venom and quivering stones You freeze the kobold.
The jackal barks!
The jackal bites you.
The kobold hits you with a +1 short sword of venom.
You are poisoned.
The jackal bites you.
You take 6 damage, and have 15/21 hp.
MASSIVE DAMAGE!!
You now have 5/6 mp.
You feel very sick.
You take 3 damage, and have 12/21 hp.
You feel sick. The jackal bites you.
You take 3 damage, and have 9/21 hp.
Aim: a jackal You freeze the jackal!
You kill the jackal!
You feel sick. The jackal bites you.
* * * LOW HITPOINT WARNING * * *
You take 4 damage, and have 5/21 hp.
You now have 4/6 mp.
Unknown command.
You aren't carrying any potions.
* * * LOW HITPOINT WARNING * * *
You feel sick.
You take 1 damage, and have 4/21 hp.
* * * LOW HITPOINT WARNING * * *
You feel sick.
You take 1 damage, and have 3/21 hp.
* * * LOW HITPOINT WARNING * * *
You feel sick. The jackal barely misses you.
You take 1 damage, and have 2/21 hp.
* * * LOW HITPOINT WARNING * * *
You feel sick.
You take 1 damage, and have 1/21 hp.
You die...

...###...# # #...........#.#.
.#..#..#.. #h#...........#.#.
.......... h.................
#.###..###########..........##.##
#..............................##
##.##............................
#..........................#####
#.........#############.....##..
##....###..Khh.@......'.....##.#
...[..†#.#.############'.....##.#
####.).....# #........∩..##.#
#..#[#........+..........###..
#..###......###..........# ###
............# #..........# #..
.............# #..........###.#
.............# #..............#
..........# #...........####


You could see 2 jackals and a kobold.

Vanquished Creatures
  3 dart slugs
  2 bats
  3 endoplasms (D:1)
  3 giant cockroaches
  3 hobgoblins
  A jackal (D:1)
  2 quokkas
  3 kobolds
  3 rats (D:1)
23 creatures vanquished.

Notes
Turn   | Place    | Note
-------+----------+-------------------------------------------
     0 | D:1      | sokol815 the Octopode Ice Elementalist began the quest for
                  | the Orb.
     0 | D:1      | Reached XP level 1. HP: 11/11 MP: 3/3
   536 | D:2      | Found an ancient bone altar of Kikubaaqudgha.
   541 | D:2      | Reached XP level 2. HP: 9/17 MP: 0/5
  1019 | D:1      | Found Loducsah's Antique Armour Shop.
  1385 | D:1      | Reached XP level 3. HP: 13/21 MP: 4/6
  1538 | D:1      | Reached skill level 5 in Ice Magic
  1679 | D:1      | HP: 5/21 [jackal (3)]
  1682 | D:1      | HP: 2/21 [poisoned by a kobold]
  1684 | D:1      | Succumbed to a kobold's poison

Illustrated notes

Levels and vault maps discovered:
D:1:      amcnicky_arrival_choice, layout_basic, serial_shops, shop,
          minmay_misc_feat_plants, minmay_strange_pillars, minmay_pentomino_u2
D:2:      layout_basic, basic_altar, shapermc_ecumenical_altar_mp_ritualfount,
          minivault_24

Skill      XL: |  1  2  3 |
---------------+----------+-----
Ice Magic      | 5 |  5.0
Dodging        | |  2.0
Stealth        | |  2.6
Spellcasting   | |  2.0

Action                   || total
-------------------------++-------
Melee: Unarmed           ||     2
       Short sword       ||     5
       Constrict         ||     3
       Dagger            ||     3
 Cast: Freeze            ||    36
 Stab: Sleeping          ||     1
Armor: Skin              ||     1
Dodge: Dodged            ||    16

Table legend: (Time is in decaauts)
 A = Elapsed time spent in this place.
 B = Non-inter-level travel time spent in this place.
 C = Inter-level travel time spent in this place.
 D = Time resting spent in this place.
 E = Time spent auto-exploring this place.
 F = Levels seen in this place.
 G = Mean time per level.
                   A        B        C        D        E       F      G
               +--------+--------+--------+--------+--------+-----+--------+
         Total |   1684 |   1654 |     30 |    636 |    792 |   2 |  842.0 |
       Dungeon |   1684 |   1654 |     30 |    636 |    792 |   2 |  842.0 |
               +--------+--------+--------+--------+--------+-----+--------+

Top non-repeatable levels by time:
     D:1: 1229 daAuts
     D:2: 455 daAuts

Table legend:
 A = Kills in this place as a percentage of kills in entire the game.
 B = Kills by you in this place as a percentage of kills by you in the entire game.
 C = Kills by friends in this place as a percentage of kills by friends in the entire game.
 D = Other kills in this place as a percentage of other kills in the entire game.
 E = Experience gained in this place as a percentage of experience gained in the entire game.
 F = Experience gained in this place divided by the number of levels of this place that you have seen.
                   A       B       C       D       E      F
               +-------+-------+-------+-------+-------+----------------------
         Total | 100.0 | 100.0 |   N/A |   N/A | 100.0 |  23.0
       Dungeon | 100.0 | 100.0 |   N/A |   N/A | 100.0 |  23.0
               +-------+-------+-------+-------+-------+----------------------
